 Dungeon Crawl Stone Soup version 0.28.0 (webtiles) character file.

Game seed: 16424142297635592314

2123 inmateoo the Insei (level 9, -5/56 (65) HPs)
             Began as a Demonspawn Transmuter on Feb 14, 2022.
             Slain by a wight (16 damage)
             ... on level 5 of the Dungeon.
             The game lasted 00:09:45 (6677 turns).

inmateoo the Insei (Demonspawn Transmuter)          Turns: 6677, Time: 00:09:45

HP:   -5/56 (65)    AC: 12    Str: 10    XL:     9   Next: 8%
MP:   16/16         EV: 11    Int: 18    God:
Gold: 209           SH:  5    Dex: 15    Spells: 7/17 levels left

rFire   + . .      SeeInvis .     - Unarmed
rCold   . . .      Faith    .   (no shield)
rNeg    + . .      Spirit   .   x - +2 ring mail {rF+}
rPois   +          Reflect  +   l - +0 helmet
rElec   .          Harm     .   b - +0 cloak
rCorr   .          Rampage  .   m - +0 pair of gloves
Will    .....                   (no boots)
Stlth   +.........              k - amulet of reflection
HPRegen 0.18/turn               c - ring of positive energy
MPRegen 0.15/turn               w - ring of poison resistance

@: wereblooded (expiring), heavily drained
A: claws 2, yellow scales 1, foul stench 2
a: no special abilities


You were on level 5 of the Dungeon.
You visited 1 branch of the dungeon, and saw 6 of its levels.
You also visited: Ossuary.

You collected 209 gold pieces.

Inventory:

Armour
 b - a +0 cloak (worn)
 l - a +0 helmet (worn)
 m - a +0 pair of gloves (worn)
 x - a +2 ring mail of fire resistance (worn)
Jewellery
 c - a ring of positive energy (left hand)
 k - an amulet of reflection (around neck)
 w - a ring of poison resistance (right hand)
Wands
 d - a wand of mindburst (3)
 o - a wand of flame (14)
 y - a wand of acid (9)
Scrolls
 f - 2 scrolls of immolation
 g - 4 scrolls of teleportation
 t - 2 scrolls of fear
 u - 2 scrolls of magic mapping
Potions
 e - 3 potions of curing
 h - 4 potions of attraction
 i - a potion of brilliance
 j - 3 potions of heal wounds {unknown}
 n - a potion of cancellation {unknown}
 p - 2 potions of might {unknown}
 q - a potion of invisibility {unknown}
 r - a potion of resistance {unknown}
 s - a potion of flight {unknown}
 v - a potion of ambrosia {unknown}


   Skills:
 - Level 4.0 Fighting
 - Level 4.0 Dodging
 * Level 6.9 Unarmed Combat
 + Level 4.9 Spellcasting
 - Level 3.0 Transmutations
 + Level 3.0 Ice Magic
 - Level 4.0 Poison Magic


You had 7 spell levels left.
You knew the following spells:

 Your Spells              Type           Power      Damage    Failure   Level
a - Beastly Appendage     Tmut           30%        N/A       11%         1
b - Wereblood             Tmut           15%        N/A       16%         2
c - Spider Form           Tmut/Pois      17%        N/A       26%         3
d - Ice Form              Ice/Tmut       15%        N/A       71%         4

Your spell library contained the following spells:

 Spells                   Type           Power      Damage    Failure   Level
 Shock                    Conj/Air       16%        1d4       34%         1
 Inner Flame              Hex/Fire       4%         N/A       71%         3
 Cause Fear               Hex            2%         N/A       98%         4
 Discord                  Hex            2%         N/A       100%        8


Dungeon Overview and Level Annotations

Branches:
Dungeon (6/15)            Ossuary (visited)
 Temple: D:4-7

Altars:
Sif Muna
Trog

Shops:
D:5 (


Innate Abilities, Weirdness & Mutations

You have very sharp fingernails.
You are partially covered in yellow scales. (AC +2)
You sometimes emit foul miasma when damaged in melee.


Message History

The wight hits you with a +2 spear. You partially resist.
You feel drained.
You hit the wight but do no damage.
You headbutt the wight, but do no damage.
You howl as the wereblood boils in your veins!
Your horns disappear.
Your talons disappear.
Your +0 helmet unmelds from your body.
An orc comes into view. It is wielding a +0 falchion.
The wight hits you but does no damage.
You punch the wight!
The wight is heavily damaged.
The wight hits you with a +2 spear.
You emit a cloud of foul miasma!
You punch the wight!
The wight is almost destroyed.
The wight barely misses you.
You hit the wight.
You feel a bit better.
You destroy the wight!
You hear a shout!
An orc priest comes into view. It is wielding a +0 whip.
You hear a shout! x2
Your Ice Magic skill increases to level 3!
You hit the wight.
The wight is moderately damaged.
Your primal bloodlust is almost over.
The wight hits you with a +2 great sword!
You partially resist.
You feel drained.
You are too injured to fight recklessly!
An orc comes into view. It is wielding a +0 hand axe.
Items here: )) [[.
There is a stone staircase leading up here.
Magic restored.
The orc priest looks braver for a moment.
The wight hits you with a +2 great sword!
* * * LOW HITPOINT WARNING * * *
You partially resist.
You feel drained.
You climb upwards.
There is a stone staircase leading down here.
You punch the wight!
The wight is almost destroyed.
The wight hits you with a +2 great sword!
You die...

# #.# #.#
#.# #.#
#.# #.#
#.####
#########
#....#
........#
####@#
#######.#
#z# #.#
#.#
#####.#
#.#
#.....#
##.#
#.#####
#..# #.#
#[## #.#
#.# #.#
#.#


You could see a wight.

Vanquished Creatures
  Eustachio (D:5)
  Menkaure (D:5)
  A black bear (D:4)
  An orc warrior (D:5)
  An ice beast (D:5)
  A kobold brigand (D:6)
  8 scorpions
  A water moccasin skeleton (D:4)
  4 wights (D:6)
  A human zombie (Ossuary)
  4 centaur zombies
  4 orc priests
  2 hounds (D:4)
  Jessica (D:3)
  Ijyb (D:5)
  4 scorpion zombies (Ossuary)
  3 iguanas
  An orc wizard (D:4)
  A hound zombie (D:5)
  3 mummies (Ossuary)
  7 gnolls
  4 adders
  A white imp (D:5)
  An ufetubus (D:4)
  An adder skeleton (D:4)
  A worm (D:2)
  3 dart slugs
  7 orcs
  6 ball pythons
  5 bats
  3 endoplasms
  2 giant cockroaches
  5 gnoll zombies (Ossuary)
  9 goblins
  7 hobgoblins
  6 jackals
  9 kobolds
  3 quokkas
  2 frilled lizards
  2 goblin zombies (Ossuary)
  A hobgoblin zombie (Ossuary)
  3 kobold zombies (Ossuary)
  2 orc zombies (Ossuary)
  6 rats
  A rat zombie (D:5)
141 creatures vanquished.

Notes
Turn   | Place    | Note
-------+----------+-------------------------------------------
     0 | D:1      | inmateoo the Demonspawn Transmuter began the quest for the
                  | Orb.
     0 | D:1      | Reached XP level 1. HP: 15/15 MP: 3/3
   405 | D:1      | Gained mutation: You have sharp fingernails. [demonic
                  | ancestry]
   405 | D:1      | Reached XP level 2. HP: 14/21 MP: 3/5
   536 | D:1      | Reached skill level 3 in Unarmed Combat
   866 | D:1      | Learned a level 2 spell: Wereblood
  1306 | D:2      | Gained mutation: You have very sharp fingernails. [demonic
                  | ancestry]
  1306 | D:2      | Reached XP level 3. HP: 26/26 MP: 4/6
  1737 | D:2      | Found a faded altar of an unknown god.
  2302 | D:3      | Reached XP level 4. HP: 33/33 MP: 3/7
  2552 | D:3      | Found a bloodstained altar of Trog.
  2566 | D:3      | Found a shimmering blue altar of Sif Muna.
  2566 | D:3      | Noticed Jessica
  2568 | D:3      | Killed Jessica
  2572 | D:3      | Got Sif Muna's Disquisition on Air
  2664 | D:3      | Gained mutation: You are partially covered in yellow
                  | scales. (AC +2) [demonic ancestry]
  2664 | D:3      | Reached XP level 5. HP: 27/38 MP: 5/9
  3374 | D:3      | Learned a level 3 spell: Spider Form
  3443 | D:4      | Reached skill level 4 in Unarmed Combat
  3486 | D:4      | Noticed a black bear
  3497 | D:4      | Killed a black bear
  3511 | D:4      | Reached XP level 6. HP: 31/46 MP: 8/10
  3640 | D:4      | Reached skill level 1 in Poison Magic
  3897 | D:4      | Reached XP level 7. HP: 36/51 MP: 8/11
  4460 | D:5      | Entered Level 5 of the Dungeon
  4512 | D:5      | Reached skill level 5 in Unarmed Combat
  4529 | D:5      | Found Honeish's Weapon Boutique.
  4561 | D:5      | Found a sand-covered staircase.
  4573 | Ossuary  | Entered an ossuary
  4585 | Ossuary  | Learned a level 4 spell: Ice Form
  4880 | Ossuary  | Gained mutation: You may rarely emit foul miasma when
                  | damaged in melee. [demonic ancestry]
  4880 | Ossuary  | Reached XP level 8. HP: 46/58 MP: 9/13
  4887 | Ossuary  | Reached skill level 1 in Ice Magic
  5294 | Ossuary  | Reached skill level 6 in Unarmed Combat
  5815 | D:5      | Noticed Ijyb
  5832 | D:5      | Killed Ijyb
  5889 | D:5      | Noticed Eustachio
  5907 | D:5      | Killed Eustachio
  6143 | D:5      | Noticed Menkaure
  6155 | D:5      | Killed Menkaure
  6576 | D:6      | Gained mutation: You sometimes emit foul miasma when
                  | damaged in melee. [demonic ancestry]
  6576 | D:6      | Reached XP level 9. HP: 49/65 MP: 14/16
  6677 | D:5      | Slain by a wight

Illustrated notes

Levels and vault maps discovered:
D:1:      minmay_arrival_shattered_statue, layout_loops_ring, minmay_hexomino_c4
D:2:      layout_loops_ring, dreamdust_ecumenical_altar_angels_and_demons
D:3:      layout_basic, nzn_overflow_gifts_of_might_and_magic,
          kennysheep_decorative_pillar, minivault_24
D:4:      layout_basic
D:5:      layout_loops_ring, serial_shops, nicolae_square_shop, enter_ossuary_3,
          uniq_eustachio, uniq_menkaure, uniq_ijyb
D:6:      layout_basic, minmay_temple_entry_crystal_x

Skill      XL: |  1  2  3  4  5  6  7  8  9 |
---------------+----------------------------+-----
Unarmed Combat | 3 4 5 6 |  6.9
Dodging        | 2 3 4 |  4.0
Transmutations | 2 3 |  3.0
Fighting       | 2 3 4 |  4.0
Spellcasting   | 3 4 |  4.9
Poison Magic   | 1 2 3 4 |  4.0
Ice Magic      | 2 3 |  3.0

Action                   |  1- 3 |  4- 6 |  7- 9 || total
-------------------------+-------+-------+-------++-------
Melee: Unarmed           |   117 |   102 |   273 ||   492
       Headbutt          |     8 |    14 |    33 ||    55
       Kick              |    13 |    17 |    45 ||    75
       Punch             |     1 |     3 |    15 ||    19
 Cast: Beastly Appendage |    16 |    10 |    14 ||    40
       Wereblood         |     6 |    10 |    13 ||    29
       Spider Form       |       |     1 |     5 ||     6
       Ice Form          |       |       |     1 ||     1
Evoke: Wand              |       |     6 |     7 ||    13
  Use: Scroll            |     4 |     2 |     5 ||    11
 Stab: Sleeping          |     1 |     2 |     1 ||     4
Armor: Robe              |    30 |    35 |    37 ||   102
       Skin              |       |       |     4 ||     4
       Ring mail         |       |       |     8 ||     8
Dodge: Dodged            |    62 |    83 |   182 ||   327
Block: Other             |       |       |    37 ||    37
       Reflection        |       |       |     2 ||     2
